 Dungeon Crawl Stone Soup version 0.27-a0-1232-gc6a4cbde82 (webtiles) character file.

Game seed: 11327088903955990268

126 bobarctor the Grave Robber (level 4, -3/24 HPs)
             Began as a Deep Elf Necromancer on June 8, 2021.
             Slain by Sigmund
             ... wielding a +0 scythe
              (12 damage)
             ... on level 3 of the Dungeon.
             The game lasted 00:12:02 (3808 turns).

bobarctor the Grave Robber (Deep Elf Necromancer)   Turns: 3808, Time: 00:12:04

Health: -3/24      AC:  2    Str:  5    XL:     4   Next: 84%
Magic:  6/13       EV: 12    Int: 21    God:
Gold:   57         SH:  0    Dex: 15    Spells: 3/14 levels left

rFire    . . .     SeeInvis .   p - +3 dagger (venom)
rCold    . . .     Faith    .   (no shield)
rNeg     . . .     Spirit   .   a - +0 robe
rPois    .         Reflect  .   (no helmet)
rElec    .         Harm     .   (no cloak)
rCorr    .         Rampage  .   (no gloves)
Will     .....                  (no boots)
Stlth    ++........             (no amulet)
HPRegen  0.08/turn              (no ring)
MPRegen  0.13/turn              (no ring)

@: no status effects
A: no striking features
a: no special abilities


You were on level 3 of the Dungeon.
You visited 1 branch of the dungeon, and saw 3 of its levels.

You collected 57 gold pieces.

Inventory:

Hand Weapons
 d - a +0 mace
 j - a +0 triple crossbow
 p - a +3 dagger of venom (weapon)
Missiles
 c - 37 arrows
 e - 56 stones (quivered)
 i - 4 atropa-tipped darts
 t - 19 bolts
Armour
 a - a +0 robe (worn)
Magical Staves
 f - a staff of earth
Jewellery
 s - a ring of fire
Wands
 q - a wand of charming (9)
Scrolls
 b - 2 scrolls of teleportation {unknown}
 g - a scroll of holy word {unknown}
 k - 3 scrolls of identify {unknown}
 m - a scroll of torment {unknown}
 o - a scroll of enchant weapon {unknown}
 r - a scroll of immolation {unknown}
Potions
 h - a potion of mutation {unknown}
 l - a potion of curing {unknown}
 n - a potion of flight {unknown}


   Skills:
 + Level 2.4 Dodging
 + Level 2.7 Stealth
 * Level 5.5 Spellcasting
 + Level 5.9 Necromancy


You had 3 spell levels left.
You knew the following spells:

 Your Spells              Type           Power      Damage    Failure   Level
a - Pain                  Necr           100%       1d9       1%          1
b - Animate Skeleton      Necr           60%        N/A       1%          1
c - Vampiric Draining     Necr           15%        2d8       2%          3
d - Animate Dead          Necr           15%        N/A       9%          4
e - Passwall              Tmut/Erth      4%         N/A       16%         2

Your spell library contained the following spells:

 Spells                   Type           Power      Damage    Failure   Level
 Sandblast                Erth           10%        2d5       11%         1
 Stone Arrow              Conj/Erth      10%        3d7       30%         3
 Agony                    Necr           30%        N/A       24%         5
 Petrify                  Tmut/Erth      5%         N/A       71%         4
 Lee's Rapid Deconstruct  Erth           2%         3d6*      96%         5


Dungeon Overview and Level Annotations

Branches:
Dungeon (3/15)

Altars:
Vehumet

Annotations:
D:3 exclusion: statue, Sigmund


Message History

Aim: Sigmund, wielding a +0 scythe and wearing a +0 robe (moderately wounded)
You draw life force from Sigmund.
You feel life coursing into your body. Sigmund hits you with a +0 scythe.
Casting: Vampiric Draining (dangerous; 2% risk of failure)
Confirm with . or Enter, or press ? or * to list all spells.
Aiming: Vampiric Draining (dangerous; 2% risk of failure)
Press: ? - help, Shift-Dir - straight line, f/p - Sigmund
Aim: Sigmund, wielding a +0 scythe and wearing a +0 robe (heavily wounded)
You draw life force from Sigmund!
You feel life coursing into your body. Sigmund gestures at you while chanting.
You are confused.
You're too confused to cast spells.
Unknown command.
Unknown command.
Sigmund drinks a potion.
Sigmund is healed!
You bump into the crystal wall.
Sigmund barely misses you.
You bump into the rock wall.
Sigmund barely misses you.
Sigmund points at you and mumbles some strange words.
The puff of flame hits you!
You feel less confused. Sigmund gestures at you while chanting.
You are confused.
Sigmund misses you.
You bump into the rock wall.
Sigmund hits you from afar with a +0 scythe.
* * * LOW HITPOINT WARNING * * *
Sigmund gestures at you while chanting. You resist with some effort.
You bump into the rock wall.
You feel less confused. Sigmund closely misses you.
Casting: Vampiric Draining (dangerous; 2% risk of failure)
Confirm with . or Enter, or press ? or * to list all spells.
Aiming: Vampiric Draining (dangerous; 2% risk of failure)
Press: ? - help, Shift-Dir - straight line, f/p - Sigmund
Aim: Sigmund, wielding a +0 scythe and wearing a +0 robe (moderately wounded)
You draw life force from Sigmund.
You feel life coursing into your body. Sigmund hits you with a +0 scythe!
Ouch! That really hurt!
You die...

.......#....##.......#
######...##.##.......#
##.###.##.......# #.#
#.##....>..# #.# #.##.#####.#
#.# #.##.# #.# #####.###.##.#
#.# # #...@........# #.#
###.#.. #.###@##.##### #.#
.....#...###.###.##.#########.#
............................#
#..#########...##.###########
#..# .....@#..###.# #..#
8._.....## #.# ###..#
......#.## #.#
.....#########..###.#
##.#...........#.##.#


You could see Sigmund.

Vanquished Creatures
  An orc priest (D:3)
  Jessica (D:3)
  An adder (D:3)
  2 dart slugs
  3 orcs (D:2)
  6 ball pythons
  7 endoplasms
  2 giant cockroaches (D:1)
  2 goblins
  3 hobgoblins
  5 kobolds
  8 quokkas
  4 bats (D:1)
  2 frilled lizards
  8 rats
55 creatures vanquished.

Notes
Turn   | Place    | Note
-------+----------+-------------------------------------------
     0 | D:1      | bobarctor the Deep Elf Necromancer began the quest for the
                  | Orb.
     0 | D:1      | Reached XP level 1. HP: 10/10 MP: 6/6
   144 | D:1      | Reached skill level 5 in Necromancy
   442 | D:1      | Reached XP level 2. HP: 12/15 MP: 5/8
  1232 | D:1      | Reached XP level 3. HP: 18/19 MP: 8/10
  1321 | D:1      | Learned a level 1 spell: Animate Skeleton
  1325 | D:1      | Learned a level 3 spell: Vampiric Draining
  2553 | D:3      | Noticed Jessica
  2555 | D:3      | Killed Jessica
  2556 | D:3      | Reached skill level 5 in Spellcasting
  2556 | D:3      | Reached XP level 4. HP: 21/24 MP: 10/13
  2694 | D:3      | Noticed Sigmund
  3055 | D:3      | Learned a level 4 spell: Animate Dead
  3058 | D:3      | Learned a level 2 spell: Passwall
  3772 | D:3      | Found a radiant altar of Vehumet.
  3773 | D:3      | Noticed a charred statue
  3808 | D:3      | Slain by Sigmund

Illustrated notes

Levels and vault maps discovered:
D:1:      co_arrival_square_in_a_square_in_a_square, layout_rooms,
          minmay_pentomino_z2
D:2:      layout_basic, kennysheep_boxes
D:3:      layout_loops_ring, vehumet_statue, minitemple,
          shapermc_ecumenical_altar_hornbeckon, uniq_jessica, uniq_sigmund

Skill      XL: |  1  2  3 |
---------------+----------+-----
Necromancy     | 5 |  5.9
Spellcasting   | 4 5 |  5.5
Dodging        | |  2.4
Stealth        | |  2.7

Action                   |  1- 3 |  4- 6 || total
-------------------------+-------+-------++-------
Melee: Dagger            |     2 |    17 ||    19
 Cast: Pain              |    75 |     7 ||    82
       Vampiric Draining |     1 |     5 ||     6
       Animate Skeleton  |       |     1 ||     1
 Stab: Sleeping          |       |     1 ||     1
Armor: Robe              |     1 |     1 ||     2
Dodge: Dodged            |     4 |    13 ||    17

Table legend: (Time is in decaauts)
 A = Elapsed time spent in this place.
 B = Non-inter-level travel time spent in this place.
 C = Inter-level travel time spent in this place.
 D = Time resting spent in this place.
 E = Time spent auto-exploring this place.
 F = Levels seen in this place.
 G = Mean time per level.
                   A        B        C        D        E       F      G
               +--------+--------+--------+--------+--------+-----+--------+
         Total |   3811 |   3738 |     73 |   1935 |   1349 |   3 | 1270.3 |
       Dungeon |   3811 |   3738 |     73 |   1935 |   1349 |   3 | 1270.3 |
               +--------+--------+--------+--------+--------+-----+--------+

Top non-repeatable levels by time:
     D:2: 1494 daAuts
     D:1: 1494 daAuts
     D:3: 822 daAuts
